 Dungeon Crawl Stone Soup version 0.29-a0-512-gf59ac788ac (webtiles) character file.

Game seed: 4811397794874004537

583 xian the Sneak (level 7, -9/46 HPs)
             Began as an Octopode Gladiator on May 29, 2022.
             Was an Initiate of Elyvilon.
             Killed by nerve-wracking pain
             ... invoked by Grinder
              (14 damage)
             ... on level 4 of the Dungeon.
             The game lasted 00:11:19 (4148 turns).

xian the Sneak (Octopode Gladiator)                 Turns: 4148, Time: 00:11:20

Health: -9/46      AC:  1    Str: 15    XL:     7   Next: 37%
Magic:  16/16      EV: 18    Int: 11    God:    Elyvilon [......]
Gold:   218        SH:  0    Dex: 13    Spells: 6/6 levels left

rFire   . . .      SeeInvis .   s - +5 club
rCold   . . .      Faith    .   (no shield)
rNeg    . . .      Spirit   .   b - +0 hat
rPois   .          Reflect  .   g - amulet of the acrobat
rElec   .          Harm     .   j - ring of magical power
rCorr   .          Rampage  .   o - +4 ring of evasion
Will    .....                   (no ring)
Stlth   ++++......              (no ring)
HPRegen 0.15/turn               (no ring)
MPRegen 0.15/turn               (no ring)
                                (no ring)
                                (no ring)

@: no status effects
A: almost no armour, amphibious, 8 rings, camouflage 1, gelatinous body 1,
(nimble swimmer 1), tentacles
a: Renounce Religion


You were on level 4 of the Dungeon.
You worshipped Elyvilon.
Elyvilon was noncommittal.
You visited 2 branches of the dungeon, and saw 5 of its levels.

You collected 218 gold pieces.

Inventory:

Hand Weapons
 a - a +0 long sword
 d - a +2 spectral club
 s - a +5 club (weapon)
Missiles
 c - a throwing net
 f - 10 datura-tipped darts
 l - 3 javelins
 r - 2 poisoned darts (quivered)
Armour
 b - a +0 hat (worn)
Jewellery
 g - an amulet of the acrobat (around mantle)
 j - a ring of magical power (left tentacle)
 o - a +4 ring of evasion (right tentacle)
 t - a +6 ring of intelligence
Wands
 n - a wand of mindburst (8)
Scrolls
 e - 5 scrolls of identify {unknown}
 h - 2 scrolls of immolation {unknown}
 v - a scroll of fear {unknown}
 x - a scroll of amnesia {unknown}
Potions
 i - a potion of attraction {unknown}
 k - 2 potions of heal wounds {unknown}
 m - 2 potions of curing {unknown}
 p - a potion of flight {unknown}
 q - a potion of cancellation {unknown}
 u - a potion of mutation {unknown}
 z - a potion of brilliance {unknown}


   Skills:
 + Level 3.0 Fighting
 + Level 4.5 Long Blades
 + Level 3.0 Maces & Flails
 + Level 2.7 Throwing
 + Level 4.5 Dodging
 + Level 5.0 Stealth


You had 6 spell levels left.
You didn't know any spells.
Your spell library contained the following spells:

 Spells                   Type           Power      Damage    Failure   Level
 Shock                    Conj/Air       0%         1d3       34%         1
 Summon Small Mammal      Summ           0%         N/A       34%         1
 Call Canine Familiar     Summ           0%         N/A       71%         3
 Summon Guardian Golem    Hex/Summ       0%         N/A       71%         3
 Swiftness                Air            0%         N/A       71%         3
 Airstrike                Air            0%         N/A       98%         4


Dungeon Overview and Level Annotations

Branches:
Dungeon (4/15)             Temple (1/1) D:4

Altars:
Ashenzari
Cheibriados
Dithmenos
Elyvilon
Fedhas
Kikubaaqudgha
Makhleb
Ru
Sif Muna
Trog
Wu Jian
Xom
Yredelemnul
Zin
The Shining One

Annotations:
D:4 Grinder


Innate Abilities, Weirdness & Mutations

You cannot wear most types of armour.
You are amphibious.
You can wear up to eight rings at the same time.
Your skin changes colour to match your surroundings (Stealth+).
Your rubbery body absorbs attacks. (AC +1, EV +1)
((You are camouflaged when in or above water. (Stealth+)))
You have tentacles for arms and can constrict up to eight enemies at once.


Message History

You hit Grinder but do no damage.
Grinder is heavily wounded.
You constrict Grinder. Grinder hits you.
You writhe in agony.
You hit Grinder.
Grinder is heavily wounded.
You constrict Grinder. Grinder gestures at you. Pain shoots through your body!
You hit Grinder.
Grinder is severely wounded.
You constrict Grinder. Grinder gestures at you. Pain shoots through your body!
Grinder blinks free!
You see here a +0 club.
You are too injured to fight recklessly!
Throw: 4 darts (poison)
Press: ? - help, Q - select action, (/) - cycle Shift-Dir - straight line, f/p - Grinder
Aim: Grinder (severely wounded, 55% to hit)
You throw a poisoned dart. The poisoned dart hits Grinder.
Grinder is severely wounded.
Unknown command.
Throw: 3 darts (poison)
Press: ? - help, Q - select action, (/) - cycle Shift-Dir - straight line, f/p - Grinder
Aim: Grinder (severely wounded, 55% to hit)
You throw a poisoned dart.
The poisoned dart closely misses Grinder.
Grinder gestures at you. Pain shoots through your body!
Grinder gestures at you.
You suddenly lose the ability to move!
Grinder hits you!
* * * LOW HITPOINT WARNING * * *
You writhe in agony.
Elyvilon protects you from harm!
You can move again.
You hit Grinder but do no damage. Your grab misses Grinder.
Grinder is severely wounded.
Grinder gestures at you. Pain shoots through your body!
You die...

###### #.# #....# #.#
#....# #.# #....# #.#
#>...####.# # #...)##...#
#.###### #....##.###
#......#######....##....
#..)).)@5(...(.........#
#................#........
##..#............#.......#
....
#.....#############.## ###
#.....# #.# #.....# ##.##
#..(..# #.... #..(..#
#####


You could see Grinder.

Vanquished Creatures
  Sigmund (D:3)
  A scorpion (D:4)
  A vampire bat (D:3)
  2 hounds (D:4)
  An orc priest (D:4)
  Jessica (D:2)
  Ijyb (D:3)
  Robin (D:2)
  4 adders
  2 worms
  A dart slug (D:1)
  7 orcs
  13 bats
  4 endoplasms
  3 giant cockroaches
  16 goblins
  12 hobgoblins
  5 jackals (D:3)
  4 kobolds
  3 quokkas
  7 ball pythons
  6 frilled lizards
  7 rats
103 creatures vanquished.

Notes
Turn   | Place    | Note
-------+----------+-------------------------------------------
     0 | D:1      | xian the Octopode Gladiator began the quest for the Orb.
     0 | D:1      | Reached XP level 1. HP: 14/14 MP: 1/1
   220 | D:1      | Reached XP level 2. HP: 19/19 MP: 2/2
   478 | D:1      | Found a faded altar of an unknown god.
   689 | D:1      | Reached XP level 3. HP: 16/24 MP: 3/3
  1345 | D:2      | Reached skill level 1 in Stealth
  1356 | D:2      | Noticed Jessica
  1368 | D:2      | Killed Jessica
  1369 | D:2      | Reached XP level 4. HP: 30/30 MP: 4/4
  1737 | D:2      | Noticed Robin
  1759 | D:2      | Killed Robin
  1760 | D:2      | Reached skill level 2 in Stealth
  1761 | D:2      | Reached XP level 5. HP: 7/35 MP: 5/5
  2270 | D:3      | Noticed Sigmund
  2281 | D:3      | Killed Sigmund
  2282 | D:3      | Reached skill level 1 in Maces & Flails
  2282 | D:3      | Reached skill level 3 in Stealth
  2282 | D:3      | Reached XP level 6. HP: 33/41 MP: 6/6
  2523 | D:3      | Noticed Ijyb
  2540 | D:3      | Killed Ijyb
  2810 | D:3      | Reached skill level 4 in Stealth
  3698 | D:4      | Reached XP level 7. HP: 45/45 MP: 7/7
  3770 | D:4      | Found a staircase to the Ecumenical Temple.
  3802 | Temple   | Entered the Ecumenical Temple
  3878 | Temple   | Became a worshipper of Elyvilon the Healer
  4116 | D:4      | Reached skill level 5 in Stealth
  4120 | D:4      | Noticed Grinder
  4145 | D:4      | Paralysed by Grinder for 3 turns
  4147 | D:4      | Elyvilon protects you from harm!
  4148 | D:4      | Killed from afar by Grinder

Illustrated notes

Levels and vault maps discovered:
D:1:      tarquinn_simple_flora_water_c, layout_loops_corners,
          chequers_ecumenical_altar_simple, chequers_serial_rivers_marsh,
          item_on_display_b
D:2:      layout_rooms, nicolae_figureground_sparkle, uniq_jessica, uniq_robin
D:3:      layout_basic, roderic_batcave, uniq_sigmund, uniq_ijyb
D:4:      layout_basic, minmay_temple_entry_wispy, dreamdust_princess_bridge,
          uniq_natasha, uniq_grinder
Temple:   compressed_dpeg_circular_temple

Skill      XL: |  1  2  3  4  5  6  7 |
---------------+----------------------+-----
Stealth        | 1 2 3 4 5 |  5.0
Long Blades    | 4 |  4.5
Maces & Flails | 1 2 3 |  3.0
Dodging        | 4 |  4.5
Fighting       | 3 |  3.0
Throwing       | |  2.7

Action                   |  1- 3 |  4- 6 |  7- 9 || total
-------------------------+-------+-------+-------++-------
Melee: Long sword        |    46 |       |       ||    46
       Constrict         |    17 |    28 |    10 ||    55
       Tentacles         |     6 |    25 |     7 ||    38
       Punch             |     1 |     2 |     1 ||     4
       Club              |       |    98 |    30 ||   128
Throw: Javelin           |     3 |       |     5 ||     8
       Dart              |       |     6 |     6 ||    12
       Throwing net      |       |     2 |     1 ||     3
Evoke: Wand              |       |       |     2 ||     2
 Stab: Sleeping          |     2 |    10 |     1 ||    13
Armor: Skin              |     1 |     6 |       ||     7
Dodge: Dodged            |    44 |   117 |    21 ||   182

Table legend: (Time is in decaauts)
 A = Elapsed time spent in this place.
 B = Non-inter-level travel time spent in this place.
 C = Inter-level travel time spent in this place.
 D = Time resting spent in this place.
 E = Time spent auto-exploring this place.
 F = Levels seen in this place.
 G = Mean time per level.
                   A        B        C        D        E       F      G
               +--------+--------+--------+--------+--------+-----+--------+
         Total |   4184 |   4052 |    132 |    251 |   2775 |   5 |  836.8 |
       Dungeon |   4073 |   3975 |     98 |    251 |   2753 |   4 | 1018.2 |
        Temple |    110 |     76 |     34 |      0 |     22 |   1 |  110.0 |
               +--------+--------+--------+--------+--------+-----+--------+

Top non-repeatable levels by time:
     D:3: 1571 daAuts
     D:1: 1285 daAuts
     D:2: 864 daAuts
     D:4: 352 daAuts
  Temple: 110 daAuts
